 Seeded DCSS version 0.31-a0-365-gcf821cafb2 (webtiles) character file.

Game seed: 11789063488416477545 (custom seed)

2979 rocky1 the Grappler (level 9, 0/58 (62) HPs)
             Began as a Merfolk Shapeshifter on July 28, 2023.
             Was a Priest of Okawaru.
             Slain by a wight
             ... wielding a +1 long sword
              (11 damage)
             ... on level 6 of the Dungeon.
             The game lasted 00:17:45 (8347 turns).

rocky1 the Grappler (Merfolk Shapeshifter)          Turns: 8347, Time: 00:17:46

HP:   0/58 (62)     AC:  6    Str: 18    XL:     9   Next: 82%
MP:   13/13         EV: 12    Int:  9    God:    Okawaru [***...]
Gold: 141           SH:  0    Dex: 14    Spells: 12/14 levels left

rFire   . .          .
                       - Unarmed
rCold   . . .        (no shield)
rNeg    . . .        f - +1 ring mail
rPois   .            (helmet currently unavailable)
rElec   .            (cloak currently unavailable)
rCorr   .            (gloves currently unavailable)
SInv    .            (boots currently unavailable)
Will    +....        v - amulet of regeneration
Stlth   +            l - ring of willpower
HPRegen 1.09/turn    (no ring)
MPRegen 0.13/turn

%: no passive effects
@: beast-form, drained
A: beast (slay +6), (nimble swimmer 2), mertail
a: Begin Untransformation, Renounce Religion, Heroism


You were on level 6 of the Dungeon.
You worshipped Okawaru.
Okawaru was most pleased with you.
You were a hulking beast.
You visited 1 branch of the dungeon, and saw 6 of its levels.
You also visited: Sewer.

You collected 225 gold pieces.
You spent 84 gold pieces at shops.

Inventory:

Missiles
 r - a curare-tipped dart
 x - 9 poisoned darts
Armour
 a - a +0 animal skin
 d - a +2 cloak of stealth
 f - a +1 ring mail (worn)
 w - a +1 helmet of see invisible
Jewellery
 k - an amulet of guardian spirit
 l - a ring of willpower (left hand)
 o - a ring of wizardry
 v - an amulet of regeneration (around neck)
Talismans
 c - a beast talisman
 m - a blade talisman
Wands
 t - a wand of flame (14)
Scrolls
 h - a scroll of blinking
 j - a scroll of butterflies {unknown}
 p - 2 scrolls of vulnerability
 q - a scroll of enchant armour
 s - a scroll of enchant weapon
 u - 5 scrolls of teleportation
 y - a scroll of brand weapon {unknown}
 A - a scroll of silence
Potions
 b - 2 potions of lignification
 e - a potion of brilliance
 g - 4 potions of ambrosia
 i - 3 potions of mutation
 n - 2 potions of heal wounds {unknown}
 z - a potion of enlightenment {unknown}


   Skills:
 - Level 2.3 Fighting
 - Level 2.4 Armour
 - Level 3.9 Dodging
 - Level 1.2 Stealth
 * Level 9.3 Unarmed Combat
 - Level 3.0 Spellcasting
 - Level 4.6 Transmutations
 + Level 4.1 Invocations
 * Level 8.6 Shapeshifting


You had 12 spell levels left.
You knew the following spells:

 Your Spells              Type           Power      Damage    Failure   Level
a - Wereblood             Tmut           9%         N/A       12%         2

Your spell library contained the following spells:

 Spells                   Type           Power      Damage    Failure   Level
 Sublimation of Blood     Necr           1%         N/A       61%         2
 Gell's Gravitas          Tloc           1%         N/A       83%         3
 Inner Flame              Hex/Fire       1%         N/A       83%         3
 Stone Arrow              Conj/Erth      2%         3d7       83%         3
 Teleport Other           Tloc           1%         N/A       83%         3
 Yara's Violent Unravell  Hex/Tmut       2%         3d3       99%         5
 Dispersal                Tloc           0%         N/A       100%        6
 Enfeeble                 Hex            0%         N/A       100%        7
 Lehudib's Crystal Spear  Conj/Erth      0%         10d2      100%        8
 Animate Armour           Summ/Erth      Unusable   N/A       N/A         4
 Summon Hydra             Summ           Unusable   N/A       N/A         7

Dungeon Overview and Level Annotations

Branches:
Dungeon (6/15)              Sewer (visited)
 Temple: D:4-7

Altars:
Fedhas
Gozag
Hepliaklqana
Makhleb
Nemelex Xobeh
Okawaru
Uskayaw
Vehumet

Shops:
D:1 =   D:3 ([!!(

Annotations:
D:6 Duvessa


Innate Abilities, Weirdness & Mutations

You are a hulking beast.
Your limbs bulge with bestial killing power. (Slay +6)
((You are very nimble when in or above water. (Stealth+, EV+, Speed+++)))
Your lower body shifts to a powerful aquatic tail in water.


Message History

The jelly is moderately wounded.
The jelly closely misses you.
The wight hits you from afar with a +0 trident.
You hit the jelly.
Your hands burn!
The jelly is heavily wounded.
The jelly hits you.
You are splashed with acid!
The wight hits you from afar with a +0 trident.
You punch the jelly!
You kill the jelly!
Okawaru accepts your kill.
You hear a shout!
The wight closely misses you. The wight hits you with a +0 trident.
Items here: )) [ †.
The wight closely misses you.
You hear a shout!
You hear a shout!
You hit the wight. Your punch misses the wight.
The wight is moderately damaged.
The wight barely misses you.
The wight hits you with a +1 long sword!
You feel drained. The wight misses you.
You hear a shout!
You hit the wight.
The wight is moderately damaged.
The wight hits you with a +1 long sword.
You feel drained. The wight hits you but does no damage.
The wight attacks as you move away! The wight barely misses you.
You hear a shout!
The wight completely misses you. The wight barely misses you.
You hit the wight.
The wight is heavily damaged.
The wight hits you from afar with a +0 trident!
* * * LOW HITPOINT WARNING * * *
The wight hits you with a +1 long sword.
* * * LOW HITPOINT WARNING * * *
You feel drained.
* * * LOW HITPOINT WARNING * * *
You hear a shout!
The wight hits you with a +1 long sword!
You die...

....##....##........####.........
..### #..........### #......##
..## ###...##...# #....# ...##
#...##...# .... ....####
##......### ....#
###.†..###..#......##### .... #
##.......###.........# .... #
##.....## ##..####... ....
##...## #.h# ## #### ##.## #z.#
#..# ##z# #.## #)## .. ###zz# ...
#^...# .... ..........# .....
............. .....###......z


You could see 4 wights.

Vanquished Creatures
  Pikel (D:5)
  Grinder (D:3)
  Sigmund (D:4)
  A wyvern (D:5)
  Eustachio (D:4)
  2 black bears (D:5)
  A sky beast (D:6)
  2 ogres
  A centaur (D:5)
  A lemure (D:5)
  The ghost of ElfOfPi the Insei, an amateur HuWn (D:3)
  A kobold brigand (Sewer)
  2 bullfrogs (D:6)
  3 scorpions
  A wight (D:6)
  Dowan (D:6)
  Crazy Yiuf (D:3)
  4 hounds
  2 jellies
  2 sleepcaps (D:5)
  Natasha (thrice) (D:3)
  5 iguanas
  9 adders
  7 gnolls
  7 river rats
  A white imp (D:6)
  2 ufetubi (D:4)
  A worm (D:2)
  2 dart slugs (D:3)
  3 orcs
  11 ball pythons
  9 endoplasms
  5 giant cockroaches
  7 goblins
  11 hobgoblins
  2 jackals (Sewer)
  15 kobolds
  6 quokkas
  7 bats
  9 frilled lizards
  8 rats
160 creatures vanquished.

Notes
Turn   | Place    | Note
-------+----------+-------------------------------------------
     0 | D:1      | rocky1 the Merfolk Shapeshifter began the quest for the
                  | Orb.
     0 | D:1      | Reached XP level 1. HP: 15/15 MP: 1/1
   178 | D:1      | Reached XP level 2. HP: 13/21 MP: 2/2
   367 | D:1      | Found a faded altar of an unknown god.
   427 | D:1      | Reached XP level 3. HP: 24/26 MP: 3/3
   553 | D:1      | Found Vesyd's Jewellery Emporium.
   724 | D:2      | Reached skill level 5 in Shapeshifting
   724 | D:2      | Reached XP level 4. HP: 29/32 MP: 4/4
   752 | D:2      | Reached skill level 4 in Unarmed Combat
   913 | D:2      | Learned a level 2 spell: Wereblood
  1030 | D:2      | Reached skill level 1 in Transmutations
  1315 | D:3      | Reached XP level 5. HP: 34/38 MP: 5/5
  1560 | D:3      | Found a runed translucent door.
  1560 | D:3      | Noticed ElfOfPi's ghost (amateur HuWn)
  1592 | D:3      | Found an iron altar of Okawaru.
  1624 | D:3      | Became a worshipper of Warmaster Okawaru
  1644 | D:3      | Found a sparkling altar of Nemelex Xobeh.
  1707 | D:3      | Found Guekh's Distillery.
  1713 | D:3      | Bought a potion of might for 40 gold pieces
  1713 | D:3      | Bought a potion of curing for 30 gold pieces
  1826 | D:3      | Found Jual's Distillery.
  1861 | D:3      | Bought a potion of degeneration for 14 gold pieces
  1868 | D:3      | Found Exkak's Weapon Shop.
  1959 | D:3      | Noticed Grinder
  1961 | D:3      | Paralysed by Grinder for 5 turns
  1977 | D:3      | Killed Grinder
  1978 | D:3      | Reached skill level 1 in Armour
  1978 | D:3      | Reached skill level 5 in Unarmed Combat
  1978 | D:3      | Reached skill level 1 in Spellcasting
  1978 | D:3      | Reached XP level 6. HP: 9/44 MP: 1/8
  2357 | D:3      | Found a runed translucent door.
  2358 | D:3      | Noticed Crazy Yiuf
  2456 | D:3      | Found Eshranefo's Armour Shop.
  2503 | D:3      | Noticed Natasha
  2504 | D:3      | Found a transporter.
  2510 | D:3      | Killed Natasha
  2511 | D:3      | Reached XP level 7. HP: 34/50 MP: 6/9
  2558 | D:3      | Found Zig Kusu's Weapon Shop.
  2618 | D:3      | Found a transporter.
  2860 | D:3      | Noticed Natasha
  2867 | D:3      | Killed Natasha
  2890 | D:3      | Noticed Natasha
  2899 | D:3      | Killed Natasha
  2921 | D:3      | Killed ElfOfPi's ghost
  2922 | D:3      | Reached skill level 1 in Stealth
  3423 | D:3      | Killed Crazy Yiuf
  3497 | D:4      | Noticed Sigmund
  3511 | D:4      | Killed Sigmund
  3511 | D:4      | Reached * piety under Okawaru
  3512 | D:4      | Reached skill level 6 in Unarmed Combat
  3550 | D:4      | Found a glowing drain.
  3554 | Sewer    | Entered a sewer
  3752 | Sewer    | Reached XP level 8. HP: 53/56 MP: 9/11
  4374 | D:4      | Found a radiant altar of Vehumet.
  4777 | D:4      | Found a hazy altar of Hepliaklqana.
  4820 | D:4      | Found a burning altar of Makhleb.
  4852 | D:4      | Noticed Eustachio
  4860 | D:4      | Killed Eustachio
  5080 | D:4      | Reached ** piety under Okawaru
  5230 | D:5      | Entered Level 5 of the Dungeon
  5282 | D:5      | Reached skill level 7 in Unarmed Combat
  5340 | D:5      | Noticed a wyvern
  5357 | D:5      | Killed a wyvern
  5358 | D:5      | Reached skill level 1 in Invocations
  5839 | D:5      | Found a blossoming altar of Fedhas.
  5865 | D:5      | Reached XP level 9. HP: 55/62 MP: 11/13
  6212 | D:5      | Reached skill level 8 in Unarmed Combat
  6503 | D:5      | Noticed Pikel
  6515 | D:5      | Killed Pikel
  6781 | D:5      | Found an opulent altar of Gozag.
  7246 | D:5      | Found a hide-covered altar of Uskayaw.
  7557 | D:6      | Reached *** piety under Okawaru
  7966 | D:6      | Reached skill level 9 in Unarmed Combat
  7972 | D:6      | Noticed Dowan
  7998 | D:6      | Killed Dowan
  8142 | D:6      | Noticed Duvessa
  8347 | D:6      | Slain by a wight

Illustrated notes

Levels and vault maps discovered:
D:1:      amcnicky_arrival_gap_in_the_tavern_cellar, layout_rooms,
          shapermc_ecumenical_altar_starsandcircs, serial_shops,
          nicolae_shop_real_fake_doors
D:2:      layout_rooms, minmay_tetromino_s4
D:3:      layout_basic, kennysheep_okawaru_gauntlet,
          mainiacjoe_overflow_24_doors, hellmonk_ghost_happy_afterlife,
          serial_shops, nicolae_shop_tiny_waterfront, nicolae_shop_drivethru,
          nicolae_shop_bloodbath_and_beyond, nicolae_shop_getting_attention,
          shop, minmay_vboxes, uniq_crazy_yiuf_cottage, uniq_grinder,
          uniq_natasha
D:4:      layout_basic, vehumet_altar_wand_db, makhleb_heckhound_becter,
          nicolae_hepliaklqana_hazy_memory, gup_sewer_entry_bowl,
          uniq_eustachio, uniq_sigmund
D:5:      layout_layer_cave, kennysheep_mini_moat, mainiacjoe_overflow_alcove_2,
          nicolae_overflow_hidden_temple, uniq_pikel
D:6:      kennysheep_housing_project, layout_layer_cave, uniq_duvessa,
          uniq_edmund

Skill      XL: |  1  2  3  4  5  6  7  8  9 |
---------------+----------------------------+-----
Dodging        | 3 |  3.9
Shapeshifting  | 5 7 8 |  8.6
Unarmed Combat | 4 5 6 7 9 |  9.3
Transmutations | 1 3 4 |  4.6
Fighting       | 2 |  2.3
Armour         | 1 2 |  2.4
Spellcasting   | 1 2 3 |  3.0
Stealth        | 1 |  1.2
Invocations    | 2 4 |  4.1

Action                     |  1- 3 |  4- 6 |  7- 9 || total
---------------------------+-------+-------+-------++-------
  Melee: Unarmed           |    76 |   134 |   343 ||   553
         Punch             |     1 |     6 |    16 ||    23
         Tailslap          |       |       |    10 ||    10
   Cast: Wereblood         |       |       |     1 ||     1
    Use: Potion            |       |     4 |     2 ||     6
         Scroll            |       |     1 |    13 ||    14
   Stab: Sleeping          |     2 |       |       ||     2
 Armour: Animal skin       |     1 |       |       ||     1
         Ring mail         |    16 |    38 |    78 ||   132
  Dodge: Dodged            |    34 |    75 |   205 ||   314

Table legend: (Time is in decaauts)
 A = Elapsed time spent in this place.
 B = Non-inter-level travel time spent in this place.
 C = Inter-level travel time spent in this place.
 D = Time resting spent in this place.
 E = Time spent auto-exploring this place.
 F = Levels seen in this place.
 G = Mean time per level.
                   A        B        C        D        E       F      G
               +--------+--------+--------+--------+--------+-----+--------+
         Total |   8155 |   7968 |    187 |   2876 |   3487 |   7 | 1165.0 |
       Dungeon |   7520 |   7333 |    187 |   2779 |   3289 |   6 | 1253.3 |
         Sewer |    635 |    635 |      0 |     97 |    198 |   1 |  635.0 |
               +--------+--------+--------+--------+--------+-----+--------+

Top non-repeatable levels by time:
     D:5: 2236 daAuts
     D:3: 2231 daAuts
     D:4: 948 daAuts
     D:6: 855 daAuts
   Sewer: 635 daAuts
     D:1: 628 daAuts
     D:2: 619 daAuts
